 Dungeon Crawl Stone Soup version 0.28.0-45-g0d030f2227 (webtiles) character file.

Game seed: 8797506891980150086

116 Bruhh the Skirmisher (level 5, -17/36 HPs)
             Began as a Gargoyle Fighter on Apr 20, 2022.
             Killed from afar by a steam dragon (19 damage)
             ... with a ball of steam
             ... on level 3 of the Dungeon.
             The game lasted 00:02:43 (2078 turns).

Bruhh the Skirmisher (Gargoyle Fighter)             Turns: 2078, Time: 00:02:44

Health: -17/36     AC: 10    Str: 22    XL:     5   Next: 0%
Magic:  5/5        EV:  9    Int:  8    God:
Gold:   57         SH:  4    Dex:  9    Spells: 4/4 levels left

rFire   . . .      SeeInvis .   a - +0 war axe
rCold   . . .      Faith    .   c - +0 buckler
rNeg    + . .      Spirit   .   b - +0 scale mail
rPois   ∞          Reflect  .   (helmet restricted)
rElec   +          Harm     .   l - scarf {shadows}
rCorr   .          Rampage  .   (no gloves)
Will    .....                   (no boots)
Stlth   ..........              (no amulet)
HPRegen 0.12/turn               (no ring)
MPRegen 0.09/turn               (no ring)

@: mighty
A: sickness immunity, AC +4, negative energy resistance 1, electricity
resistance, torment resistance 1, petrification resistance, horns 1
a: no special abilities


You were on level 3 of the Dungeon.
You visited 1 branch of the dungeon, and saw 3 of its levels.

You collected 57 gold pieces.

Inventory:

Hand Weapons
 a - a +0 war axe (weapon)
Armour
 b - a +0 scale mail (worn)
 c - a +0 buckler (worn)
 l - a scarf of shadows (worn)
Scrolls
 f - a scroll of noise {unknown}
 g - a scroll of identify {unknown}
 h - a scroll of magic mapping {unknown}
 i - a scroll of vulnerability {unknown}
Potions
 j - 2 potions of curing
 k - 2 potions of attraction {unknown}


   Skills:
 + Level 6.1 Fighting
 - Level 1.7 Axes
 - Level 3.2 Armour
 - Level 3.2 Shields


You had 4 spell levels left.
You didn't know any spells.
Your spell library contained the following spells:

 Spells                   Type           Power      Damage    Failure   Level
 Summon Small Mammal      Summ           0%         N/A       83%         1
 Call Canine Familiar     Summ           0%         N/A       99%         3
 Summon Guardian Golem    Hex/Summ       0%         N/A       99%         3


Dungeon Overview and Level Annotations

Branches:
Dungeon (3/15)

Altars:


Innate Abilities, Weirdness & Mutations

You are immune to sickness and miasma.
Your stone body is resilient. (AC +4)
You are immune to poison.
You resist negative energy. (rN+)
You are resistant to electric shocks. (rElec)
You are resistant to unholy torment.
You are immune to petrification.
You have a pair of small horns on your head.


Message History

HP restored.
Items here: ( ))) [ †.
Things that are here:
a +0 trident; a +0 scale mail; an orc corpse You now have 57 gold pieces (gained 9).
Items here: ( ))) [ †.
There is a stone staircase leading up here.
Found 18 stones.
A steam dragon comes into view.
The steam dragon hisses angrily.
The steam dragon breathes steam at you. The ball of steam hits you!
The steam dragon moves out of view.
You're standing in a cloud of steam!
You're standing in a cloud of steam!
You're standing in a cloud of steam!
No target in view!
No target in view!
The steam dragon breathes steam at you. The ball of steam hits you!
* * * LOW HITPOINT WARNING * * *
You are engulfed in a cloud of scalding steam.
* * * LOW HITPOINT WARNING * * *
You are engulfed in a cloud of scalding steam.
* * * LOW HITPOINT WARNING * * *
It was a potion of mutation.
You feel extremely strange. A pair of horns grows on your head!
It was a potion of curing.
You feel better. The steam dragon bites you.
* * * LOW HITPOINT WARNING * * *
You block the steam dragon's attack.
Unknown command.
You feel very mighty all of a sudden. The steam dragon bites you.
* * * LOW HITPOINT WARNING * * *
The steam dragon closely misses you.
You slash the steam dragon! Your headbutt misses the steam dragon.
The steam dragon is heavily wounded.
The steam dragon breathes steam at you. The ball of steam hits you!!
Ouch! That really hurt!
You die...

... ...##.........#
#.<###.
....##.##.#.......#
#..###.
#...............###....#.
####......(####........#.
###.##### #.###...... #.#
######.#####..## #D#
#.........##..#
#.###...##.##.....#
#.#@.......#####.##
#.D..............#
###.......########
###...### #...# #####


You could see a steam dragon (catching breath).

Vanquished Creatures
  An iguana (D:2)
  2 adders (D:2)
  3 worms (D:2)
  4 dart slugs
  4 orcs (D:3)
  4 ball pythons
  2 endoplasms (D:2)
  2 giant cockroaches (D:2)
  7 hobgoblins
  5 jackals (D:1)
  3 frilled lizards
  3 goblins
  4 kobolds
  5 rats
49 creatures vanquished.

Notes
Turn   | Place    | Note
-------+----------+-------------------------------------------
     0 | D:1      | Bruhh the Gargoyle Fighter began the quest for the Orb.
     0 | D:1      | Reached XP level 1. HP: 14/14 MP: 1/1
    89 | D:1      | Reached skill level 4 in Fighting
    89 | D:1      | Reached XP level 2. HP: 20/20 MP: 2/2
   119 | D:1      | Found a faded altar of an unknown god.
   399 | D:1      | Reached XP level 3. HP: 21/24 MP: 3/3
   875 | D:2      | Reached skill level 5 in Fighting
  1044 | D:2      | Reached XP level 4. HP: 24/31 MP: 4/4
  1862 | D:3      | Reached skill level 6 in Fighting
  1873 | D:3      | Reached XP level 5. HP: 24/36 MP: 5/5
  2065 | D:3      | Noticed a steam dragon
  2075 | D:3      | Gained mutation: You have a pair of small horns on your
                  | head. [potion of mutation]
  2078 | D:3      | Killed from afar by a steam dragon

Illustrated notes

Levels and vault maps discovered:
D:1:      minmay_arrival_up_and_down, layout_rooms,
          shapermc_ecumenical_altar_flowoftime
D:2:      layout_loops_cross, minmay_small_reverse_x
D:3:      layout_loops_cross, uniq_grinder

Skill      XL: |  1  2  3  4 |
---------------+-------------+-----
Fighting       | 4 5 6 |  6.1
Axes           | |  1.7
Armour         | |  3.2
Shields        | |  3.2

Action                   |  1- 3 |  4- 6 || total
-------------------------+-------+-------++-------
Melee: War axe           |    85 |    48 ||   133
  Use: Potion            |       |     3 ||     3
Armor: Scale mail        |    50 |    24 ||    74
Dodge: Dodged            |    52 |    33 ||    85
Block: Buckler           |     7 |    10 ||    17
